 Dungeon Crawl Stone Soup version 0.28-a0-1412-gf95308ed99 (webtiles) character file.

Game seed: 5624571953470988816

573 Ijustatesigmund the Chopper (level 7, -5/63 HPs)
             Began as a Hill Orc Fighter on Jan 7, 2022.
             Slain by an orc warrior (12 damage)
             ... on level 6 of the Dungeon.
             The game lasted 00:06:49 (4991 turns).

Ijustatesigmund the Chopper (Hill Orc Fighter)      Turns: 4991, Time: 00:06:50

Health: -5/63      AC:  7    Str: 21    XL:     7   Next: 34%
Magic:  7/7        EV:  8    Int:  8    God:
Gold:   203        SH:  9    Dex: 10    Spells: 5/6 levels left

rFire   . . .      SeeInvis .   a - +1 war axe
rCold   . . .      Faith    .   c - +1 kite shield
rNeg    . . .      Spirit   .   b - +0 scale mail
rPois   .          Reflect  .   (no helmet)
rElec   .          Harm     .   (no cloak)
rCorr   .          Rampage  .   (no gloves)
Will    .....                   (no boots)
Stlth   ..........              (no amulet)
HPRegen 0.20/turn               (no ring)
MPRegen 0.10/turn               (no ring)

@: no status effects
A: no striking features
a: no special abilities


You were on level 6 of the Dungeon.
You visited 1 branch of the dungeon, and saw 6 of its levels.

You collected 203 gold pieces.

Inventory:

Hand Weapons
 a - a +1 war axe (weapon)
Armour
 b - a +0 scale mail (worn)
 c - a +1 kite shield (worn)
Wands
 g - a wand of digging (5)
 h - a wand of flame (11)
Scrolls
 e - a scroll of teleportation
Potions
 d - 2 potions of might
 f - a potion of magic
 j - a potion of lignification
 k - a potion of curing
 l - a potion of brilliance {unknown}
 p - a potion of flight {unknown}


   Skills:
 + Level 6.1 Fighting
 + Level 7.6 Axes
 + Level 4.1 Armour
 + Level 4.1 Shields


You had 5 spell levels left.
You knew the following spells:

 Your Spells              Type           Power      Damage    Failure   Level
a - Magic Dart            Conj           0%         1d3       98%         1

Your spell library contained the following spells:

 Spells                   Type           Power      Damage    Failure   Level
 Animate Skeleton         Necr           0%         N/A       98%         1
 Pain                     Necr           0%         1d4       98%         1
 Sandblast                Erth           0%         2d4       98%         1
 Call Imp                 Summ           0%         N/A       99%         2
 Passwall                 Tmut/Erth      0%         N/A       99%         2
 Mephitic Cloud           Conj/Pois/Air  0%         N/A       100%        3
 Stone Arrow              Conj/Erth      0%         3d7       100%        3
 Vampiric Draining        Necr           0%         2d6       100%        3


Dungeon Overview and Level Annotations

Branches:
Dungeon (6/15)
 Temple: D:4-7

Altars:

Shops:
D:1 =*!

Annotations:
D:5 Grinder


Message History

No target in view!
No target in view!
No target in view!
No target in view!
No target in view!
No target in view!
No target in view!
You start waiting.
Done waiting.
You climb upwards.
Level annotation: Grinder The orc warrior hits you with a +0 battleaxe!
The orc priest hits you but does no damage.
The orc priest shouts, "Join the one true god or die!"
There is a stone staircase leading down, spattered with blood here.
The orc wizard casts a spell.
The orc wizard flickers and vanishes!
Deactivating autopickup; reactivate with Ctrl-A.
The orc warrior hits you with a +0 battleaxe.
The orc priest hits you with a +0 flail.
You climb downwards.
Reactivating autopickup.
There is a stone staircase leading up here.
You slash the orc priest!
The orc priest is severely wounded.
You slash the orc warrior! You block the orc warrior's attack.
The orc priest hits you but does no damage.
You slash the orc priest!
You kill the orc priest!
You slash the orc warrior!
The orc warrior hits you with a +0 battleaxe!
The orc warrior hits you with a +0 battleaxe!!
You barely miss the orc warrior.
The orc warrior is severely wounded.
The orc warrior hits you with a +0 battleaxe!!
* * * LOW HITPOINT WARNING * * *
You hit the orc warrior but do no damage.
The orc warrior is severely wounded.
The orc warrior hits you with a +0 battleaxe!
You die...

##
##
.#
#.
.#.
#>#
#@#
#o#
#>#
#.#
#.#
#.#
#.#
#.#


You could see an orc warrior.

Vanquished Creatures
  An ice beast (D:3)
  A phantom (D:4)
  An orc priest (D:6)
  5 orc wizards
  3 gnolls (D:2)
  6 adders
  An ufetubus (D:4)
  A dart slug (D:2)
  6 orcs (D:3)
  5 ball pythons
  3 bats
  6 endoplasms
  7 giant cockroaches
  6 goblins
  6 hobgoblins
  2 jackals (D:1)
  6 kobolds
  4 quokkas
  4 frilled lizards
  3 rats (D:1)
77 creatures vanquished.

Vanquished Creatures (collateral kills)
  A necrophage (D:4)
1 creature vanquished.

Grand Total: 78 creatures vanquished

Notes
Turn   | Place    | Note
-------+----------+-------------------------------------------
     0 | D:1      | Ijustatesigmund the Hill Orc Fighter began the quest for
                  | the Orb.
     0 | D:1      | Reached XP level 1. HP: 19/19 MP: 1/1
   127 | D:1      | Found Budor's Distillery.
   292 | D:1      | Reached skill level 3 in Axes
   292 | D:1      | Reached XP level 2. HP: 27/27 MP: 2/2
   472 | D:1      | Found Plog's Jewellery Boutique.
   597 | D:1      | Found Peoxkocw's General Store.
  1045 | D:2      | Reached XP level 3. HP: 33/33 MP: 3/3
  1084 | D:2      | Reached skill level 4 in Axes
  1313 | D:2      | Found a faded altar of an unknown god.
  1600 | D:2      | Reached XP level 4. HP: 39/41 MP: 4/4
  1908 | D:2      | Reached skill level 5 in Axes
  2436 | D:3      | Reached XP level 5. HP: 42/47 MP: 5/5
  2528 | D:3      | Reached skill level 5 in Fighting
  2528 | D:3      | Reached skill level 6 in Axes
  2823 | D:3      | Noticed an ice beast
  2837 | D:3      | Killed an ice beast
  2838 | D:3      | Reached XP level 6. HP: 15/56 MP: 6/6
  3734 | D:3      | Reached skill level 7 in Axes
  4229 | D:4      | Noticed a necrophage
  4240 | D:4      | Killed a necrophage
  4241 | D:4      | Reached XP level 7. HP: 63/63 MP: 7/7
  4542 | D:4      | Identified the +2 quarterstaff "Impbane" {drain, Will+}
  4592 | D:4      | Learned a level 1 spell: Magic Dart
  4619 | D:5      | Entered Level 5 of the Dungeon
  4632 | D:5      | Noticed Grinder
  4991 | D:6      | Slain by an orc warrior

Illustrated notes

Levels and vault maps discovered:
D:1:      roderic_lyre, layout_loops_ring, serial_shops, nicolae_square_shop,
          nicolae_diamond_shop, nicolae_shop_waterfront
D:2:      layout_loops_ring, ebering_ecumenical_altar_mist, minmay_octomino_j4
D:3:      layout_loops_corners, minmay_circle_x
D:4:      layout_gridville, minivault_5, kennysheep_small_circle
D:5:      layout_rooms, minmay_temple_entry_fiery, uniq_grinder
D:6:      layout_loops_ring, gammafunk_ghost_smash, serial_undead,
          serial_undead_b, serial_undead_a, serial_undead_b, serial_undead_e,
          serial_undead_f, serial_undead_c

Skill      XL: |  1  2  3  4  5  6  7 |
---------------+----------------------+-----
Axes           | 3 4 5 6 7 |  7.6
Fighting       | 4 5 6 |  6.1
Armour         | 4 |  4.1
Shields        | 4 |  4.1

Action                   |  1- 3 |  4- 6 |  7- 9 || total
-------------------------+-------+-------+-------++-------
Melee: War axe           |    95 |   144 |    20 ||   259
  Use: Scroll            |       |    11 |     2 ||    13
       Potion            |       |     2 |     1 ||     3
Armor: Scale mail        |    43 |    64 |    13 ||   120
Dodge: Dodged            |    48 |    58 |     5 ||   111
Block: Buckler           |    28 |    15 |       ||    43
       Kite shield       |       |    35 |     8 ||    43

Table legend: (Time is in decaauts)
 A = Elapsed time spent in this place.
 B = Non-inter-level travel time spent in this place.
 C = Inter-level travel time spent in this place.
 D = Time resting spent in this place.
 E = Time spent auto-exploring this place.
 F = Levels seen in this place.
 G = Mean time per level.
                   A        B        C        D        E       F      G
               +--------+--------+--------+--------+--------+-----+--------+
         Total |   5075 |   4868 |    207 |   1368 |   2801 |   6 |  845.8 |
       Dungeon |   5075 |   4868 |    207 |   1368 |   2801 |   6 |  845.8 |
               +--------+--------+--------+--------+--------+-----+--------+

Top non-repeatable levels by time:
     D:3: 1456 daAuts
     D:2: 1432 daAuts
     D:1: 1038 daAuts
     D:4: 998 daAuts
     D:6: 109 daAuts
     D:5: 39 daAuts
